[Event "Titled Tuesday Blitz November 14 Early 2023"]
[White "HeroRubiksCube"]
[Black "Mejia, Cherry Ann"]
[BlackFideId "5206880"]
[WhiteElo "2515"]
[BlackElo "2357"]
[Result "0-1"]
[Round "7"]
[TimeControl "180+1"]
[Date "2023.11.14"]
[WhiteClock "0:00:05"]
[BlackClock "0:00:05"]
[Board "132"]

1. e4 c5 2. Nc3 a6 3. Nge2 b5 4. g3 Bb7 5. Bg2 e6 6. O-O Nf6 7. d4 cxd4 8. Nxd4 Qc7 9. Re1 d6 10. Nd5 Qd8 11. Nxf6+ gxf6 12. Be3 Bg7 13. Qd2 Nd7 14. Bh6 O-O 15. Qf4 Ne5 16. Qh4 Ng6 17. Qh5 Rc8 18. Bxg7 Kxg7 19. h4 Rc5 20. Qg4 h5 21. Qe2 Qb6 22. Rad1 Rfc8 23. c3 d5 24. exd5 Bxd5 25. Nf5+ exf5 26. Bxd5 f4 27. Kg2 Rd8 28. Bf3 Re5 29. Qc2 Rde8 30. Rxe5 Rxe5 31. Qd3 fxg3 32. fxg3 Re3 33. Qd4 Qe6 34. Bxh5 Re2+ 35. Bxe2 Qxe2+ 36. Kh3 Ne5 37. Rd2 Qf1+ 38. Rg2 Qf5+ 39. g4 Qf3+ 40. Kh2 Qf1 41. g5 Nf3+ 42. Kh3 Nxd4 43. cxd4 Qf5+ 44. Kh2 Qf4+ 45. Kh3 fxg5 46. Rxg5+ Kf6 47. Rg4 Qf3+ 48. Rg3 Qf5+ 49. Kh2 Qc2+ 50. Rg2 Qc7+ 51. Kh3 Kf5 52. Rf2+ Ke6 53. b3 f5 54. Kg2 Qc6+ 55. Kg1 Qe4 56. Kf1 Qxd4 57. Ke1 Kf6 58. h5 Qa1+ 59. Ke2 Qxa2+ 60. Kf1 Qxb3 0-1


[Site "https://www.chess.com"]

[Event "Titled Tuesday Blitz November 14 Early 2023"]
[White "Lebedev, Artem S."]
[Black "Cristi_Coca"]
[WhiteFideId "34272747"]
[WhiteElo "2341"]
[BlackElo "2506"]
[Result "0-1"]
[Round "7"]
[TimeControl "180+1"]
[Date "2023.11.14"]
[WhiteClock "0:00:00"]
[BlackClock "0:00:32"]
[Board "133"]

1. e4 c5 2. Nf3 e6 3. d4 cxd4 4. Nxd4 a6 5. Nc3 b5 6. Bd3 Bb7 7. O-O Qc7 8. Qe2 Nc6 9. Nxc6 Qxc6 10. Bd2 Nf6 11. Rfe1 Bc5 12. a4 b4 13. Na2 a5 14. c3 Qb6 15. Be3 O-O 16. Bxc5 Qxc5 17. Qe3 Qxe3 18. Rxe3 bxc3 19. Nxc3 d5 20. exd5 Nxd5 21. Nxd5 Bxd5 22. Bb5 Rfc8 23. Rc3 Rxc3 24. bxc3 Rc8 25. Rc1 Bc4 26. f3 Rc5 27. Rb1 Kf8 28. Kf2 Ke7 29. Ke1 Kd6 30. Rd1+ Ke5 31. Rb1 g5 32. Bxc4 Rxc4 33. Rb5+ Kf4 34. Rxa5 Rxc3 35. Ra7 f5 36. a5 Ra3 37. a6 Ke3 38. Kd1 Ra1+ 39. Kc2 Ra2+ 40. Kb3 Ra1 41. Ra8 Kf2 42. a7 Kxg2 43. Kb4 Kxf3 44. Kb5 e5 45. Kb6 f4 46. Re8 e4 47. Kb7 e3 48. a8=Q Rxa8 49. Kxa8 Kf2 50. Kb7 e2 51. Kc6 e1=Q 0-1


[Site "https://www.chess.com"]

[Event "Titled Tuesday Blitz November 14 Early 2023"]
[White "Shohat, Yotam"]
[Black "alfianasybullina"]
[WhiteFideId "2813955"]
[WhiteElo "2506"]
[BlackElo "2282"]
[Result "1-0"]
[Round "7"]
[TimeControl "180+1"]
[Date "2023.11.14"]
[WhiteClock "0:01:36"]
[BlackClock "0:01:27"]
[Board "134"]

1. e4 c6 2. c4 d5 3. cxd5 cxd5 4. exd5 Nf6 5. Nc3 Nxd5 6. Nf3 Nc6 7. Bb5 a6 8. Ba4 b5 9. Bb3 Nf4 10. O-O Be6 11. d4 Bxb3 12. Qxb3 Ng6 13. d5 Nce5 14. Nxe5 Nxe5 15. a4 bxa4 16. Qxa4+ Qd7 17. Qe4 Ng4 18. d6 Rd8 19. Nd5 Nf6 20. Nc7+ Qxc7 21. dxc7 Nxe4 22. cxd8=Q+ Kxd8 23. Rxa6 e6 24. Ra8+ Ke7 25. b3 f6 26. Re1 Nc3 27. Ba3+ Kf7 28. Rxf8+ Rxf8 29. Bxf8 Kxf8 30. Rxe6 1-0


[Site "https://www.chess.com"]

[Event "Titled Tuesday Blitz November 14 Early 2023"]
[White "Lukovic, Vladimir"]
[Black "Jarocka, Liwia"]
[WhiteFideId "942952"]
[BlackFideId "21807558"]
[WhiteElo "2673"]
[BlackElo "2366"]
[Result "1-0"]
[Round "7"]
[TimeControl "180+1"]
[Date "2023.11.14"]
[WhiteClock "0:00:32"]
[BlackClock "0:00:03"]
[Board "135"]

1. e4 d6 2. d4 g6 3. h4 h5 4. Bg5 Bh6 5. Qd2 Bxg5 6. hxg5 e6 7. Nf3 d5 8. Nc3 c6 9. g4 Ne7 10. O-O-O Nd7 11. gxh5 gxh5 12. Nh4 a6 13. f4 b5 14. f5 b4 15. Na4 dxe4 16. g6 fxg6 17. Nxg6 Nxg6 18. fxg6 Qf6 19. Be2 Bb7 20. Qxb4 O-O-O 21. Nb6+ Nxb6 22. Qxb6 Qxg6 23. Bxa6 Qh7 24. Qxc6+ Kb8 25. Bxb7 Qxb7 26. Qxe6 Rhe8 27. Qb3 e3 28. Qxb7+ Kxb7 29. Rxh5 e2 30. Re1 Rxd4 31. Rh2 Rde4 32. c3 Kb6 33. Kc2 Kb5 34. b3 R4e5 35. Rh6 R5e7 36. a4+ Ka5 37. Kb2 Rd7 38. Ka3 1-0


[Site "https://www.chess.com"]

[Event "Titled Tuesday Blitz November 14 Early 2023"]
[White "Jakubowska, Anna"]
[Black "Zavgorodniy, Sergiy"]
[WhiteFideId "1121952"]
[BlackFideId "14110148"]
[WhiteElo "2346"]
[BlackElo "2686"]
[Result "0-1"]
[Round "7"]
[TimeControl "180+1"]
[Date "2023.11.14"]
[WhiteClock "0:00:10"]
[BlackClock "0:01:49"]
[Board "136"]

1. e4 c6 2. d4 d5 3. e5 Bf5 4. Nf3 e6 5. Be2 Nd7 6. O-O a6 7. Re1 h6 8. Nbd2 Rc8 9. Nb3 c5 10. c4 dxc4 11. Bxc4 b5 12. Bf1 c4 13. Nbd2 Ne7 14. Ne4 Nd5 15. Ng3 Bh7 16. a4 Be7 17. axb5 axb5 18. Bd2 O-O 19. Ba5 N7b6 20. Ne4 Qd7 21. Qd2 Na4 22. g3 Ra8 23. Rxa4 bxa4 24. Bxc4 Rxa5 25. Qxa5 Bb4 26. Qa6 Bxe1 27. Nc5 Qc8 28. Nxe1 Qxa6 29. Bxa6 Rb8 30. Nxa4 Rb4 31. Nc3 Rxd4 32. Nxd5 exd5 33. f4 Rd1 34. Kf2 Rd2+ 35. Ke3 Rxb2 36. Bb7 Rxb7 0-1


[Site "https://www.chess.com"]

[Event "Titled Tuesday Blitz November 14 Early 2023"]
[White "MIss_MIaMI"]
[Black "Wu, Derek"]
[BlackFideId "30914558"]
[WhiteElo "2344"]
[BlackElo "2656"]
[Result "0-1"]
[Round "7"]
[TimeControl "180+1"]
[Date "2023.11.14"]
[WhiteClock "0:00:44"]
[BlackClock "0:01:11"]
[Board "137"]

1. e4 c5 2. Nf3 Nc6 3. d4 cxd4 4. c3 Nf6 5. Bd3 dxc3 6. Nxc3 d6 7. O-O Bg4 8. h3 Bh5 9. Be2 e6 10. a3 Be7 11. b4 O-O 12. Bb2 Rc8 13. Rc1 Nd7 14. Nb5 Bxf3 15. Bxf3 Nde5 16. Be2 a6 17. Nd4 Bf6 18. Nxc6 Rxc6 19. Rxc6 Nxc6 20. Bxf6 gxf6 21. f4 Qb6+ 22. Kh2 Qd4 23. Qc2 Rd8 24. Rf3 Kf8 25. Rg3 Qf2 26. Rf3 Qe1 27. Bxa6 Nd4 28. Qc7 Nxf3+ 29. gxf3 Qf2+ 30. Kh1 Qxf3+ 31. Kh2 Qxf4+ 32. Kg1 Qg3+ 33. Kf1 Qxh3+ 34. Ke2 Qh2+ 35. Ke3 Qg3+ 36. Ke2 Re8 37. Bb5 Qh2+ 38. Ke3 Qg1+ 39. Ke2 Qg2+ 40. Ke3 Qg5+ 41. Kf3 Qxb5 42. Qxd6+ Kg7 43. Qg3+ Qg5 44. Qc7 Ra8 45. Qc3 Qh5+ 46. Kf2 Qh2+ 47. Kf1 Rd8 48. Qf3 Rd2 49. Qg4+ Kf8 50. Qf3 Ra2 0-1


[Site "https://www.chess.com"]

[Event "Titled Tuesday Blitz November 14 Early 2023"]
[White "KorolDimitriy75"]
[Black "Borgaonkar Akshay"]
[BlackFideId "25639110"]
[WhiteElo "2342"]
[BlackElo "2627"]
[Result "0-1"]
[Round "7"]
[TimeControl "180+1"]
[Date "2023.11.14"]
[WhiteClock "0:00:00"]
[BlackClock "0:00:02"]
[Board "138"]

1. d4 g6 2. c4 Bg7 3. Nf3 Nf6 4. Nc3 O-O 5. e4 d6 6. Be2 e5 7. dxe5 dxe5 8. Qxd8 Rxd8 9. Bg5 c6 10. Nxe5 Re8 11. O-O-O Na6 12. Rd6 Be6 13. f4 Nc5 14. Bf3 h6 15. Bh4 Nfd7 16. Nxd7 Nxd7 17. Kc2 Nb6 18. b3 a5 19. Rhd1 a4 20. Bf2 axb3+ 21. axb3 Nc8 22. Rd8 Ne7 23. Rxe8+ Rxe8 24. e5 Ra8 25. Bc5 Nf5 26. g3 Bf8 27. Bg1 Kh7 28. Rd2 Ra1 29. Rd1 Ra8 30. Bf2 h5 31. Rd2 Bb4 32. Rd1 Kg7 33. Bb6 Ne7 34. Be4 Nf5 35. Rd2 c5 36. Kb2 Ba3+ 37. Kc2 Nd4+ 38. Kd3 Nxb3 39. Rd1 Nc1+ 40. Kc2 Bxc4 41. Rxc1 Bxc1 42. Kxc1 Ra1+ 43. Kc2 Rf1 44. Bxc5 Be6 45. Bxb7 Bf5+ 46. Kb2 Re1 0-1


[Site "https://www.chess.com"]

[Event "Titled Tuesday Blitz November 14 Early 2023"]
[White "Kleiman, Jake"]
[Black "Bogaudinov, Rushan"]
[WhiteFideId "2020041"]
[BlackFideId "4129288"]
[WhiteElo "2614"]
[BlackElo "2331"]
[Result "1/2-1/2"]
[Round "7"]
[TimeControl "180+1"]
[Date "2023.11.14"]
[WhiteClock "0:00:27"]
[BlackClock "0:00:29"]
[Board "139"]

1. e4 e6 2. d4 a6 3. Nf3 d5 4. Nbd2 c5 5. exd5 Qxd5 6. Bc4 Qd8 7. dxc5 Bxc5 8. Qe2 Nf6 9. O-O O-O 10. a4 Nc6 11. c3 e5 12. Nxe5 Nxe5 13. Qxe5 Bd6 14. Qg5 h6 15. Qh4 Ng4 16. Qxd8 Rxd8 17. Nf3 Bf5 18. Re1 Rac8 19. Bb3 Bc5 20. Be3 Nxe3 21. fxe3 Be4 22. Nd4 g6 23. Rad1 Kg7 24. Kf2 Re8 25. h3 h5 26. Rd2 Re7 27. Bc2 Bc6 28. a5 Be8 29. Bd1 Rcc7 30. Bf3 h4 31. Red1 Re5 32. b4 Be7 33. Rd3 Bg5 34. Re1 Rce7 35. Bd1 f5 36. Nf3 Bf6 37. Nxe5 Bxe5 38. Bf3 Bg3+ 39. Kf1 Bb5 40. Rd1 Rxe3 41. Be2 Bxd3 42. Rxd3 Rxd3 43. Bxd3 Be5 44. c4 Bc3 45. b5 axb5 46. cxb5 Bxa5 47. Ke2 b6 48. Bc4 Kf6 49. Bd5 g5 50. Bc6 Bb4 51. Bd7 Bc5 52. Bc8 Bd6 53. Kf3 Be5 54. Ke3 Bd6 55. Kd3 Bc5 56. Kc4 Ke5 57. Bd7 Kf4 58. Kd5 g4 59. Kc4 gxh3 60. gxh3 Ke4 61. Kc3 Ke3 62. Bxf5 Kf4 63. Bg4 Kg3 64. Kc4 Kf2 65. Kd5 Kg3 66. Kc6 Kf2 67. Kd5 Kg3 68. Kc6 Kf2 69. Kd5 1/2-1/2


[Site "https://www.chess.com"]

[Event "Titled Tuesday Blitz November 14 Early 2023"]
[White "Jaskolka, Tomasz"]
[Black "Mazzilli, Piero"]
[WhiteFideId "1170791"]
[BlackFideId "807087"]
[WhiteElo "2554"]
[BlackElo "2327"]
[Result "1-0"]
[Round "7"]
[TimeControl "180+1"]
[Date "2023.11.14"]
[WhiteClock "0:01:11"]
[BlackClock "0:00:00"]
[Board "140"]

1. e4 c5 2. Nf3 d6 3. b4 cxb4 4. d4 Nf6 5. Bd3 Nc6 6. a3 Bg4 7. d5 Bxf3 8. gxf3 Ne5 9. Bb5+ Nfd7 10. axb4 Qb6 11. Na3 a6 12. Be3 Qc7 13. Bxd7+ Nxd7 14. c4 e6 15. O-O Be7 16. Nb5 Qb8 17. dxe6 fxe6 18. Nd4 Nf8 19. Qa4+ Kf7 20. f4 Bf6 21. Rad1 Qc7 22. f5 e5 23. Ne6 Nxe6 24. fxe6+ Kxe6 25. c5 dxc5 26. Bxc5 Kf7 27. Qb3+ Kg6 28. Qh3 Qc8 29. Rd7 h5 30. Qf5+ Kh6 31. Be3+ 1-0


[Site "https://www.chess.com"]

[Event "Titled Tuesday Blitz November 14 Early 2023"]
[White "Lopez Del Alamo, Antonio"]
[Black "Arngrimsson, Dagur"]
[WhiteFideId "2227339"]
[BlackFideId "2301288"]
[WhiteElo "2327"]
[BlackElo "2519"]
[Result "1-0"]
[Round "7"]
[TimeControl "180+1"]
[Date "2023.11.14"]
[WhiteClock "0:00:26"]
[BlackClock "0:00:04"]
[Board "141"]

1. e4 e5 2. Bc4 Nf6 3. d3 c6 4. Nf3 d5 5. Bb3 Bd6 6. Nc3 O-O 7. a3 h6 8. O-O dxe4 9. Nxe4 Bg4 10. h3 Bh5 11. Ng3 Nbd7 12. Nxh5 Nxh5 13. Nxe5 Nxe5 14. Qxh5 Kh7 15. Bd2 f5 16. Bc3 c5 17. Rae1 Qc7 18. f4 Ng6 19. g3 Rae8 20. Rxe8 Rxe8 21. Qxf5 Re3 22. Kg2 Qc6+ 23. Bd5 Qe8 24. Bf7 Qc6+ 25. Bd5 Qe8 26. Rf2 Kh8 27. Be4 Nf8 28. Bd2 Rxe4 29. Qxe4 Qf7 30. Bc3 Ne6 31. h4 Kg8 32. f5 Nc7 33. Re2 Kh7 34. f6+ g6 35. Qxb7 a6 36. Qf3 Nd5 37. h5 gxh5 38. Qf5+ Kg8 39. Re8+ Qxe8 40. Qxd5+ Kh7 41. Qf5+ Qg6 42. Qd7+ Kg8 43. Qxd6 Qe8 44. Qd5+ Kh7 45. Qe4+ Qxe4+ 46. dxe4 Kg6 47. e5 Kf7 48. Kf3 1-0


[Site "https://www.chess.com"]

[Event "Titled Tuesday Blitz November 14 Early 2023"]
[White "Grossboss19"]
[Black "VOneChess"]
[WhiteElo "2500"]
[BlackElo "2326"]
[Result "0-1"]
[Round "7"]
[TimeControl "180+1"]
[Date "2023.11.14"]
[WhiteClock "0:00:27"]
[BlackClock "0:00:48"]
[Board "142"]

1. d3 d5 2. Nf3 Nc6 3. g3 e5 4. Bg2 f5 5. O-O Nf6 6. Nfd2 Bc5 7. e4 O-O 8. a3 fxe4 9. dxe4 Ng4 10. Bf3 Nxf2 11. Rxf2 Bxf2+ 12. Kg2 Nd4 13. c3 Nxf3 14. Nxf3 Bg4 15. Kxf2 Rxf3+ 16. Qxf3 Bxf3 17. Kxf3 dxe4+ 18. Kxe4 Qd1 19. Nd2 Qe2+ 20. Kd5 Rd8+ 21. Kc5 c6 22. c4 b6+ 23. Kb4 Rd3 24. c5 a5+ 25. Ka4 Rxd2 0-1


[Site "https://www.chess.com"]

[Event "Titled Tuesday Blitz November 14 Early 2023"]
[White "Zivic, Dragan"]
[Black "Kanyamarala, Trisha"]
[WhiteFideId "904740"]
[BlackFideId "45004722"]
[WhiteElo "2324"]
[BlackElo "2500"]
[Result "1-0"]
[Round "7"]
[TimeControl "180+1"]
[Date "2023.11.14"]
[WhiteClock "0:00:11"]
[BlackClock "0:00:00"]
[Board "143"]

1. c4 e5 2. Nc3 Nf6 3. Nf3 d6 4. g3 Be7 5. Bg2 O-O 6. O-O Be6 7. b3 h6 8. d4 e4 9. Nd2 Bf5 10. Ndxe4 c6 11. Nxf6+ Bxf6 12. e4 Be6 13. Be3 Qa5 14. Qd2 Nd7 15. Nd5 Qxd2 16. Nxf6+ Nxf6 17. Bxd2 Rfe8 18. h3 Rab8 19. Rfe1 b5 20. cxb5 cxb5 21. d5 Bc8 22. Be3 Nxe4 23. Bxa7 Ra8 24. Bd4 Bf5 25. a4 bxa4 26. bxa4 Nd2 27. Rxe8+ Rxe8 28. a5 Nb3 29. Ra4 Bd7 30. Rb4 Nxa5 31. Rb6 Nc4 32. Rb7 Bf5 33. Rc7 Re1+ 34. Kh2 Ne5 35. Bxe5 Rxe5 36. Rc6 Re2 37. g4 Be4 38. Bxe4 Rxe4 39. Rxd6 Kf8 40. Kg3 Ke7 41. Ra6 Rd4 42. Ra7+ Kf6 43. Ra5 g5 44. Ra6+ Ke7 45. Rxh6 Rxd5 46. h4 gxh4+ 47. Kxh4 Rd2 48. f4 Rf2 49. Kg5 Rc2 50. f5 Kf8 51. Rh8+ Ke7 52. Ra8 Rc5 53. Kh6 Rd5 54. Kg7 Rd4 55. g5 Rd5 56. g6 Rxf5 57. Ra7+ Ke6 58. Rxf7 Rg5 59. Rf1 Rg2 60. Kh7 Rh2+ 61. Kg8 Rg2 62. g7 Rg3 63. Rf4 Ke7 64. Kh7 Rh3+ 65. Kg8 Ke8 66. Re4+ Kd7 67. Re5 Kd6 68. Re2 Kd7 69. Kf7 Rf3+ 70. Kg8 1-0


[Site "https://www.chess.com"]

[Event "Titled Tuesday Blitz November 14 Early 2023"]
[White "Sreyas Payyappat"]
[Black "Ardila, Oscar Humberto"]
[WhiteFideId "46674969"]
[BlackFideId "4404742"]
[WhiteElo "2494"]
[BlackElo "2319"]
[Result "1-0"]
[Round "7"]
[TimeControl "180+1"]
[Date "2023.11.14"]
[WhiteClock "0:00:08"]
[BlackClock "0:00:11"]
[Board "144"]

1. e4 e5 2. Nf3 Nf6 3. Nxe5 d6 4. Nf3 Nxe4 5. Nc3 Nxc3 6. dxc3 Be7 7. Bd3 O-O 8. Be3 Nd7 9. Qd2 Nf6 10. O-O-O c5 11. h4 b5 12. Bxb5 Rb8 13. Bc4 Qb6 14. b3 Bb7 15. Ng5 d5 16. Bd3 Qa5 17. Kb1 c4 18. Bf5 Bc8 19. g4 Bxf5 20. gxf5 h6 21. Bd4 hxg5 22. hxg5 Ne4 23. Qe3 Bxg5 24. Qh3 Bh6 25. Qxh6 f6 26. Rdg1 Rb7 27. Qh7+ Kf7 28. Rxg7+ Ke8 29. Qg6+ Kd8 30. Rxb7 Qa3 31. Qh6 cxb3 32. cxb3 Kc8 33. Rb4 a5 34. Qxf8+ Kc7 35. Rc4+ dxc4 36. Qxa3 cxb3 37. Qe7+ Kc6 38. Qe6+ Kb5 39. Qb6+ Kc4 40. Qxb3+ Kd3 41. Rd1+ Ke2 42. Qc2+ Kf3 43. Rd3+ Kf4 44. Re3 Kxf5 45. Qxe4+ Kg5 46. Rg3+ Kh5 47. Qh1# 1-0


[Site "https://www.chess.com"]

[Event "Titled Tuesday Blitz November 14 Early 2023"]
[White "Hajiyev, Kanan"]
[Black "rikchessmx"]
[WhiteFideId "13404148"]
[WhiteElo "2477"]
[BlackElo "2321"]
[Result "0-1"]
[Round "7"]
[TimeControl "180+1"]
[Date "2023.11.14"]
[WhiteClock "0:00:00"]
[BlackClock "0:01:41"]
[Board "145"]

1. d4 Nf6 2. c4 e6 3. Nc3 d5 4. cxd5 exd5 5. Qc2 Nbd7 6. Bg5 c6 7. e3 Be7 8. Bd3 O-O 9. Nge2 Re8 10. O-O g6 11. Rab1 a5 12. Bh4 Nh5 13. Bxe7 Qxe7 14. Rfc1 f5 15. g3 Ndf6 16. Nf4 Ng7 17. Na4 Ne4 18. Nc5 g5 19. Ne2 Rf8 20. Kg2 h5 21. Ng1 h4 22. Nf3 Nh5 23. Ne5 Rf6 24. Qe2 Rh6 25. gxh4 g4 26. Kh1 Qxh4 27. Bxe4 dxe4 28. f4 Ng3+ 0-1


[Site "https://www.chess.com"]

[Event "Titled Tuesday Blitz November 14 Early 2023"]
[White "Josgar05"]
[Black "Shishkov, Andrei"]
[BlackFideId "4500563"]
[WhiteElo "2314"]
[BlackElo "2472"]
[Result "0-1"]
[Round "7"]
[TimeControl "180+1"]
[Date "2023.11.14"]
[WhiteClock "0:01:02"]
[BlackClock "0:00:20"]
[Board "146"]

1. Nf3 Nf6 2. b3 g6 3. Bb2 Bg7 4. g3 O-O 5. Bg2 d5 6. O-O b6 7. c4 Bb7 8. d4 Nbd7 9. Nc3 dxc4 10. bxc4 e6 11. Qd2 Re8 12. Rfd1 Qe7 13. Rac1 Rad8 14. Qf4 c5 15. d5 exd5 16. cxd5 Nxd5 17. Nxd5 Bxd5 18. Bxg7 Bxf3 19. Bxf3 Kxg7 20. Qc7 Ne5 21. Qxe7 Rxd1+ 22. Rxd1 Nxf3+ 23. Kg2 Rxe7 24. Kxf3 Rc7 25. e4 b5 26. Ke3 a5 27. f4 a4 28. Rb1 b4 29. Kd2 Rd7+ 30. Kc2 Rd4 31. e5 f6 32. exf6+ Kxf6 33. Re1 c4 34. Re8 b3+ 35. axb3 cxb3+ 36. Kc3 Rd1 37. Kb2 Rd2+ 38. Ka3 Ra2+ 39. Kb4 b2 40. Re1 Ra1 41. Rb1 Rxb1 42. Kc3 Rh1 43. Kxb2 Rxh2+ 44. Ka3 Rg2 45. Kxa4 Rxg3 46. Kb5 Rf3 47. Kc6 Rxf4 0-1


[Site "https://www.chess.com"]

[Event "Titled Tuesday Blitz November 14 Early 2023"]
[White "Maect19"]
[Black "Berezin, Viktor"]
[BlackFideId "14107872"]
[WhiteElo "2314"]
[BlackElo "2457"]
[Result "1-0"]
[Round "7"]
[TimeControl "180+1"]
[Date "2023.11.14"]
[WhiteClock "0:01:17"]
[BlackClock "0:01:46"]
[Board "147"]

1. d4 Nf6 2. Nf3 g6 3. c3 Bg7 4. Bg5 O-O 5. Nbd2 d6 6. e4 c6 7. Bc4 Nbd7 8. Bb3 e5 9. dxe5 dxe5 10. O-O Qc7 11. Qe2 Nc5 12. h3 Be6 13. Rad1 Bxb3 14. axb3 Ne6 15. Nc4 h6 16. Be3 Nxe4 17. Bxh6 Nxc3 18. bxc3 Bxh6 19. Qxe5 Rad8 20. Qxc7 Nxc7 21. Nd6 b5 22. Ne5 Bf4 23. Ndxf7 Rxd1 24. Rxd1 Rxf7 25. Nxf7 Kxf7 26. g3 Be5 27. f4 Ke6 28. Re1 Nd5 29. Rxe5+ Kd6 30. c4 Nb4 31. cxb5 c5 32. Rg5 Nc2 33. Rxg6+ Kd5 34. Ra6 Nd4 35. Rxa7 Nxb3 36. Rc7 c4 37. b6 Nc5 1-0


[Site "https://www.chess.com"]

[Event "Titled Tuesday Blitz November 14 Early 2023"]
[White "Ramla2020"]
[Black "Tuleyeva-Aketayeva, Dana"]
[BlackFideId "13701932"]
[WhiteElo "2449"]
[BlackElo "2309"]
[Result "1-0"]
[Round "7"]
[TimeControl "180+1"]
[Date "2023.11.14"]
[WhiteClock "0:01:19"]
[BlackClock "0:00:00"]
[Board "148"]

1. c4 Nf6 2. g3 d5 3. d4 e6 4. Bg2 dxc4 5. Qa4+ Bd7 6. Qxc4 Bc6 7. Nf3 Be7 8. O-O O-O 9. Qc2 Be4 10. Qb3 Nc6 11. Nc3 Nxd4 12. Nxd4 Qxd4 13. Nxe4 Nxe4 14. Be3 Qe5 15. Qxb7 Nf6 16. Qxa8 Rxa8 17. Bxa8 a6 18. Bf3 h6 19. Rab1 g5 20. Rfd1 c5 21. b3 Kg7 22. Rbc1 g4 23. Bg2 a5 24. Rc4 Qb2 25. Ra4 Qxe2 26. Rc1 Nd5 27. Bf1 Qb2 28. Re1 Nxe3 29. Rxe3 Bf6 30. Rxg4+ Kf8 31. Rf3 Bd4 32. a4 Qa2 33. Kg2 Qb2 34. Bc4 Ke7 35. Rh4 1-0


[Site "https://www.chess.com"]

[Event "Titled Tuesday Blitz November 14 Early 2023"]
[White "SicilianPanzer"]
[Black "Mikhalsky, Vladimir"]
[BlackFideId "14144352"]
[WhiteElo "2309"]
[BlackElo "2435"]
[Result "1-0"]
[Round "7"]
[TimeControl "180+1"]
[Date "2023.11.14"]
[WhiteClock "0:00:04"]
[BlackClock "0:00:00"]
[Board "149"]

1. e4 g6 2. d4 Bg7 3. Nc3 d6 4. Be3 a6 5. h4 h5 6. a4 Nc6 7. Bc4 Nf6 8. f3 O-O 9. Qd2 e5 10. d5 Nd4 11. Nd1 c6 12. Ne2 cxd5 13. Bxd5 Nxd5 14. exd5 Bf5 15. Nxd4 exd4 16. Bxd4 Re8+ 17. Kf2 Bxd4+ 18. Qxd4 Bxc2 19. Ne3 Rc8 20. Rhc1 Bb3 21. Qb4 Rxc1 22. Rxc1 Rxe3 23. Kxe3 Bxd5 24. Rd1 Bc6 25. Qxd6 Qb6+ 26. Qd4 Qb3+ 27. Rd3 Qc2 28. Rd2 Qb1 29. Kf2 Qf5 30. Qd8+ Kh7 31. Qg5 Qe6 32. Re2 Qb3 33. Qf6 Bxa4 34. Re7 Qc2+ 35. Kg3 Bb3 36. Rxb7 Be6 37. Qxe6 1-0


[Site "https://www.chess.com"]

[Event "Titled Tuesday Blitz November 14 Early 2023"]
[White "lagunanivaria"]
[Black "Pumpkin_in_moonlight"]
[WhiteElo "2435"]
[BlackElo "2307"]
[Result "1-0"]
[Round "7"]
[TimeControl "180+1"]
[Date "2023.11.14"]
[WhiteClock "0:01:23"]
[BlackClock "0:00:00"]
[Board "150"]

1. c3 d5 2. d4 e6 3. Bf4 c5 4. e3 Nc6 5. Nf3 Nf6 6. Bd3 b6 7. O-O Bb7 8. Nbd2 Be7 9. Re1 O-O 10. h3 Rc8 11. Ne5 Nxe5 12. Bxe5 Ne4 13. Bxe4 dxe4 14. Qg4 f6 15. Qxe6+ Rf7 16. Bg3 Bd5 17. Qg4 f5 18. Qe2 Qf8 19. Be5 Bf6 20. Bxf6 Rxf6 21. Rac1 g5 22. f3 exf3 23. Nxf3 h6 24. Ne5 Rc7 25. b3 Be4 26. Rf1 Rg7 27. Rf2 Kh8 28. Rcf1 Bb7 29. Ng4 fxg4 30. Rxf6 Qe7 31. Rf8+ Kh7 32. Qxg4 Be4 33. R8f6 Qe8 34. Re6 1-0


[Site "https://www.chess.com"]

[Event "Titled Tuesday Blitz November 14 Early 2023"]
[White "Spichkin, Alexander"]
[Black "ATM622"]
[WhiteFideId "4144074"]
[WhiteElo "2306"]
[BlackElo "2431"]
[Result "1/2-1/2"]
[Round "7"]
[TimeControl "180+1"]
[Date "2023.11.14"]
[WhiteClock "0:01:18"]
[BlackClock "0:00:06"]
[Board "151"]

1. f4 d5 2. Nf3 Nf6 3. e3 g6 4. Be2 Bg7 5. O-O O-O 6. d3 c5 7. Kh1 Nc6 8. a4 Qc7 9. Nc3 e5 10. Nb5 Qe7 11. fxe5 Nxe5 12. Nxe5 Qxe5 13. e4 g5 14. c3 dxe4 15. d4 cxd4 16. cxd4 Qb8 17. Bxg5 Nd5 18. Bc4 Be6 19. Re1 f5 20. Qb3 Rd8 21. Bxd8 Qxd8 22. Nc3 Nf4 23. Bxe6+ Kh8 24. Bxf5 Qg5 25. Bxe4 Rg8 26. Nd5 Bxd4 27. Nxf4 Qxf4 28. Qf7 Qxf7 29. Rad1 Qf2 30. b4 Re8 31. Rf1 Rxe4 32. Rxf2 Bxf2 33. Rb1 Re1+ 34. Rxe1 Bxe1 35. b5 Bf2 36. g3 Kg7 37. Kg2 Bb6 38. Kf3 Kf6 39. Kf4 h5 40. Ke4 Ba5 41. Kd5 Bb4 42. Kc4 Bf8 43. Kd5 Kf5 44. h3 Be7 45. g4+ hxg4 46. hxg4+ Kxg4 47. Ke6 Bc5 48. Kd7 a5 49. bxa6 bxa6 50. Kc6 Bb4 51. a5 Bxa5 52. Kb7 Be1 53. Kxa6 1/2-1/2


[Site "https://www.chess.com"]

[Event "Titled Tuesday Blitz November 14 Early 2023"]
[White "Davidson, Kevin"]
[Black "Buscar, Michael"]
[WhiteFideId "2056810"]
[BlackFideId "2603616"]
[WhiteElo "2431"]
[BlackElo "2293"]
[Result "1-0"]
[Round "7"]
[TimeControl "180+1"]
[Date "2023.11.14"]
[WhiteClock "0:00:03"]
[BlackClock "0:00:00"]
[Board "152"]

1. e4 c5 2. Nf3 Nc6 3. d4 cxd4 4. Nxd4 Nf6 5. Nc3 e5 6. Ndb5 h6 7. Nd6+ Bxd6 8. Qxd6 Qe7 9. Qd1 O-O 10. Bc4 d6 11. O-O Be6 12. Nd5 Bxd5 13. Bxd5 Nxd5 14. Qxd5 Nd4 15. c3 Ne2+ 16. Kh1 Nxc1 17. Raxc1 Rac8 18. Rcd1 Rfd8 19. Rd3 Rc5 20. Qb3 Qc7 21. Rfd1 Kf8 22. h3 Ke7 23. Rg3 g6 24. Rf3 Rf8 25. Rfd3 Rc6 26. Qc2 Rd8 27. Qd2 h5 28. Qg5+ Ke8 29. Rd5 Qe7 30. Qd2 Kd7 31. Qd3 Kc7 32. Qb5 Kb8 33. R1d3 Rb6 34. Qa5 Rxb2 35. c4 Rb6 36. c5 Ra6 37. Qd2 Rc8 38. cxd6 Qd7 39. Rxe5 Rcc6 40. Re7 Qd8 41. Rxf7 Rxd6 42. Rxd6 Rxd6 43. Qf4 1-0


[Site "https://www.chess.com"]

[Event "Titled Tuesday Blitz November 14 Early 2023"]
[White "Buchenau, Frank"]
[Black "Witty_Alien"]
[WhiteFideId "4604350"]
[WhiteElo "2423"]
[BlackElo "2263"]
[Result "0-1"]
[Round "7"]
[TimeControl "180+1"]
[Date "2023.11.14"]
[WhiteClock "0:00:12"]
[BlackClock "0:00:05"]
[Board "153"]

1. e4 c5 2. Nf3 d6 3. Bb5+ Bd7 4. Bxd7+ Nxd7 5. O-O Ne5 6. Nxe5 dxe5 7. d3 e6 8. Nd2 Ne7 9. Nc4 Nc6 10. a4 Be7 11. f4 exf4 12. Bxf4 O-O 13. c3 Bg5 14. Bd6 Be7 15. Bg3 Bh4 16. Qg4 Bxg3 17. Qxg3 a6 18. a5 Qe7 19. Rf4 Rad8 20. Raf1 Qc7 21. e5 Nxe5 22. Rg4 f6 23. Nxe5 fxe5 24. Rxf8+ Rxf8 25. Re4 Qf7 26. h3 Qf1+ 27. Kh2 Qc1 28. Qxe5 Rf6 29. Qb8+ Rf8 30. Qxb7 h6 31. Qxa6 Rf6 32. Rxe6 Qf4+ 33. Kh1 Qf1+ 34. Kh2 Qf4+ 35. Kh1 Qc1+ 36. Kh2 Rf1 37. Re8+ Kh7 38. Qe6 Qf4+ 39. g3 Qf2# 0-1


[Site "https://www.chess.com"]

[Event "Titled Tuesday Blitz November 14 Early 2023"]
[White "Quirke, Jeffrey"]
[Black "Herman, Daniel"]
[WhiteFideId "2013029"]
[BlackFideId "30935008"]
[WhiteElo "2258"]
[BlackElo "2412"]
[Result "1-0"]
[Round "7"]
[TimeControl "180+1"]
[Date "2023.11.14"]
[WhiteClock "0:00:02"]
[BlackClock "0:00:06"]
[Board "155"]

1. e4 Nf6 2. e5 Nd5 3. Nc3 e6 4. Bc4 Nb6 5. Bb3 d6 6. Nf3 Nc6 7. exd6 cxd6 8. d4 d5 9. O-O Bd6 10. Ne2 O-O 11. Bf4 Na5 12. c3 Nbc4 13. Qc1 b5 14. Bc2 Rb8 15. b4 Nc6 16. a4 a5 17. axb5 Rxb5 18. bxa5 N6xa5 19. Ng3 Nb3 20. Bxb3 Rxb3 21. Bxd6 Qxd6 22. Nh5 f6 23. Ra7 Bd7 24. Re1 Rfb8 25. Nd2 Nxd2 26. Qxd2 Rb1 27. g3 R8b2 28. Qe3 Rxe1+ 29. Qxe1 Kf7 30. Qe3 g5 31. h4 Kg6 32. hxg5 Kxh5 33. gxf6 Kg6 34. Qf3 Rb1+ 35. Kg2 Rb2 36. f7 Kg7 37. Rxd7 Kf8 38. Rxd6 1-0


[Site "https://www.chess.com"]